 Dungeon Crawl Stone Soup version 0.31-a0-986-g5e6e4ef867 (webtiles) character file.

Game seed: 17313347181930596208

81643 grandjackal the Champion of Chaos (level 15, -1/133 HPs)
             Began as a Demonspawn Gladiator on Nov 17, 2023.
             Was the Champion of Makhleb.
             Succumbed to an orange demon's poison
             ... on level 1 of the Orcish Mines.
             The game lasted 01:03:19 (21741 turns).

grandjackal the Champion of Chaos (DsGl)           Turns: 21741, Time: 01:03:20

Health: -1/133     AC: 17    Str: 24    XL:     15   Next: 27%
Magic:  7/36       EV: 14    Int: 16    God:    Makhleb [******]
Gold:   1586       SH:  0    Dex: 15    Spells: 14/14 levels left

rFire   + + .        q - +1 scimitar (flame)
rCold   . . .        (no shield)
rNeg    . . .        t - +2 chain mail {rF+}
rPois   .            c - +0 helmet
rElec   .            B - +0 cloak
rCorr   +            (gloves unavailable)
SInv    +            V - +3 pair of seven-league boots {Rampage+∞}
Will    +....        y - amulet of regeneration
Stlth   +            a - ring of Equl {rF+ rCorr Str+3 Int+6 SInv}
HPRegen 1.22/turn    I - ring of magical power
MPRegen 0.50/turn

%: guardian spirit, rampage+∞
@: lethally poisoned (-1 -> -3), studying Shields
A: demonic guardian 2, magic shield, magic regeneration, magic link, sturdy
frame 3, demonic touch 3
a: Renounce Religion, Minor Destruction, Lesser Servant of Makhleb, Major
Destruction, Greater Servant of Makhleb


You were on level 1 of the Orcish Mines.
You worshipped Makhleb.
Makhleb was exalted by your worship.
You visited 4 branches of the dungeon, and saw 21 of its levels.
You also visited: Volcano.

You collected 2106 gold pieces.
You spent 520 gold pieces at shops.

Inventory:

Hand Weapons
 o - the +7 triple sword of Distant Shores {heavy, rC- rCorr Str+5 SInv}
   (You found it on level 12 of the Dungeon)

   Str+5:     It affects your strength (+5).
   rC-:       It makes you vulnerable to cold.
   SInv:      It lets you see invisible.
   rCorr:     It protects you from acid and corrosion.
 q - a +1 scimitar of flaming (weapon)
Missiles
 d - a throwing net (quivered)
 e - 11 javelins
 W - 8 curare-tipped darts
Armour
 c - a +0 helmet (worn)
 p - a +2 chain mail of cold resistance
 t - a +2 chain mail of fire resistance (worn)
 B - a +0 cloak (worn)
 M - +0 acid dragon scales
 V - the +3 pair of seven-league boots (worn) {Rampage+∞}
   (You bought it in a shop on level 2 of the Dungeon)

   Rampage+∞: When moving toward enemies, its wearer moves as far as possible,
   alerting their target en route.
Jewellery
 a - the ring of Equl (left hand) {rF+ rCorr Str+3 Int+6 SInv}
   (You acquired it in a volcano)

   [ring of intelligence]

   Str+3:     It affects your strength (+3).
   Int+6:     It affects your intelligence (+6).
   rF+:       It protects you from fire.
   SInv:      It lets you see invisible.
   rCorr:     It protects you from acid and corrosion.
 y - an amulet of regeneration (around neck)
 I - a ring of magical power (right hand)
 Y - a ring of flight
Wands
 i - a wand of polymorph (7)
 A - a wand of charming (19)
 P - a wand of flame (25)
 T - a wand of iceblast (1)
Scrolls
 b - 3 scrolls of vulnerability
 f - 2 scrolls of teleportation
 g - a scroll of silence
 j - a scroll of blinking
 r - 3 scrolls of revelation
 x - a scroll of torment
 z - 3 scrolls of immolation
 X - a scroll of fog
Potions
 h - 2 potions of lignification
 k - a potion of experience {unknown}
 l - a potion of degeneration {unknown}
 n - 2 potions of might
 s - 2 potions of magic
 u - a potion of berserk rage
 C - a potion of resistance
 E - 4 potions of ambrosia
 F - 2 potions of enlightenment
 G - a potion of invisibility
 H - 3 potions of haste
 L - 2 potions of mutation
 N - 2 potions of attraction
 R - a potion of cancellation
Miscellaneous
 v - a phantom mirror (inert)
 O - a sack of spiders (inert)


   Skills:
 + Level 16.9 Fighting
 - Level 14.3 Long Blades
 - Level 2.0 Throwing
 - Level 3.0 Armour
 + Level 7.2 Dodging
 + Level 17.5 Invocations


You had 14 spell levels left.
You didn't know any spells.
Your spell library contained the following spells:

 Spells                   Type           Power      Damage    Failure   Level
 Foxfire                  Conj/Fire      0%         2x1d4     41%         1
 Kiss of Death            Conj/Necr      0%         2d5       41%         1
 Ensorcelled Hibernation  Hex/Ice        0%         N/A       54%         2
 Passwall                 Tmut/Erth      0%         N/A       54%         2
 Sublimation of Blood     Necr           0%         N/A       54%         2
 Wereblood                Tmut           0%         N/A       54%         2
 Inner Flame              Hex/Fire       0%         N/A       78%         3
 Swiftness                Air            0%         N/A       78%         3
 Flame Wave               Conj/Fire      0%         2d4       99%         4
 Sticky Flame             Conj/Fire      0%         2d3       99%         4
 Alistair's Intoxication  Tmut/Pois      0%         N/A       100%        5
 Borgnjor's Vile Clutch   Necr/Erth      0%         N/A       100%        5
 Eringya's Noxious Bog    Tmut/Pois      0%         4d6       100%        6
 Plasma Beam              Fire/Air       0%         2x1d10    100%        6
 Summon Hydra             Summ           0%         N/A       100%        7


Dungeon Overview and Level Annotations

Branches:
Dungeon (13/15)            Temple (1/1) D:7            Lair (5/5) D:8
  Swamp (0/4) Lair:3        Snake (0/4) Lair:3        Slime (0/5) Lair:4
    Orc (2/2) D:10            Elf (0/3) Orc:2       Volcano (visited)
 Vaults: D:13-14

Altars:
Ashenzari
Cheibriados
Dithmenos
Fedhas
Gozag
Hepliaklqana
Kikubaaqudgha
Makhleb
Nemelex Xobeh
Okawaru
Qazlal
Ru
Sif Muna
Trog
Uskayaw
Vehumet
Wu Jian
Xom
Yredelemnul
Jiyva
Lugonu

Shops:
D:2 [(   D:12 =

Portals:
Abyss: Lair:5*
Trove: D:12 (show abyssal rune of Zot)

Annotations:
D:10 1 runed translucent door, R007833r's ghost, journeyman DsSh
D:13 Frances
Lair:5 2 transporters, Doj's ghost, journeyman OpSh
Orc:2 1 runed translucent door


Innate Abilities, Weirdness & Mutations

A demonic guardian rushes to your aid.
When hurt, damage is shared between your health and your magic reserves.
You regenerate magic rapidly.
When low on magic, you restore magic in place of health.
Your movements are significantly less encumbered by armour. (ER -6)
Your touch may irresistibly damage your foes and sap their willpower.


Message History

You hit the orc high priest. You burn the orc high priest.
You touch the orc high priest.
You kill the orc high priest!
Makhleb accepts your kill.
You feel better.
The smoke demon disappears in a puff of smoke!
The orange demon disappears in a puff of smoke!
You feel very sick.
Your life force feels restored.
Unknown command.
Throw: 4 throwing nets
Press: ? - help, Q - select action, (/) - cycle Shift-Dir - straight line, f - orc knight
Aim: an orc knight, wielding a +0 great mace and wearing a +0 chain mail (steam, severely wounded, 63% to hit)
You throw a throwing net.
The throwing net closely misses the orc knight.
You feel very sick.
The orc knight hits you with a +0 great mace.
* * * LOW HITPOINT WARNING * * *
Unknown command.
Throw: 3 throwing nets
Press: ? - help, Q - select action, (/) - cycle Shift-Dir - straight line, f/p - orc knight
Aim: an orc knight, wielding a +0 great mace and wearing a +0 chain mail (severely wounded, 63% to hit)
You throw a throwing net.
The throwing net closely misses the orc knight.
You feel very sick.
The orc knight hits you with a +0 great mace!
* * * LOW HITPOINT WARNING * * *
Throw: 2 throwing nets
Press: ? - help, Q - select action, (/) - cycle Shift-Dir - straight line, f/p - orc knight
Aim: an orc knight, wielding a +0 great mace and wearing a +0 chain mail (severely wounded, 63% to hit)
You throw a throwing net.
The throwing net completely misses the orc knight.
You feel sick.
The orc knight hits you with a +0 great mace!
* * * LOW HITPOINT WARNING * * *
* * * LOW HITPOINT WARNING * * *
You feel sick.
Things that are here:
a +0 plate armour; a +0 glaive You die...

##### #####...#......##
##...#####...##..##....#.##
#.....#...........#..#....##
##...........#.............##
#...#......##.........##...#
##.#................#.##..##
####......^......#........#
#.................#.....
##......@..........##....
#........[.)............#
##......§o§[..........###
#.......§[[..[.).)..###
#####..........##))...##
##.##............##[....#
#....#..........####.#.##
##...............##...##
###.#....##.#(.####.##


You could see an orc knight.

Vanquished Creatures
  An orc warlord (Orc:1)
  A stone giant (Volcano)
  Azrael (Orc:1)
  Snorg (Lair:4)
  Harold (D:9)
  5 hydras
  8 two-headed ogres
  6 death yaks
  A thrashing horror (Lair:5)
  Urug (D:10)
  3 orc high priests
  2 skysharks
  Nergalle (Lair:2)
  4 large abominations (Lair:5)
  Amaemon (Lair:3)
  4 orc knights
  An orc sorcerer (Orc:2)
  3 manticores
  4 elephants (Lair:4)
  A cyclops (D:11)
  Maurice (Orc:2)
  A molten gargoyle (Volcano)
  7 black mambas
  A black mamba (shapeshifter) (Lair:5)
  An orange demon (Lair:3)
  4 gargoyles
  11 cane toads
  2 smoke demons (Lair:5)
  Jeremiah (D:7)
  12 komodo dragons
  10 rime drakes
  An efreet (Volcano)
  Psyche (D:10)
  2 kobold demonologists (D:11)
  2 hornets
  2 polar bears (Lair:3)
  6 trolls
  Grinder (D:3)
  2 raiju (Lair:5)
  19 blink frogs
  4 slime creatures
  13 small abominations (Lair:5)
  2 shadows
  A spriggan (Lair:5)
  Sigmund (D:5)
  67 yaks
  9 basilisks
  14 wyverns
  2 fire bats (Volcano)
  5 fire elementals
  4 vampire mosquitoes (D:12)
  3 chaos spawn (Lair:5)
  A steam dragon (D:8)
  A redback (D:12)
  2 nagas (Lair:3)
  2 wargs
  2 hell hounds (Orc:2)
  2 swamp worms (Lair:3)
  An acid dragon (D:8)
  19 water moccasins
  20 orc warriors
  3 black bears
  6 sky beasts
  6 ogres
  11 wolves
  2 phantoms
  7 centaurs
  5 kobold brigands
  10 bullfrogs
  5 scorpions
  An earth elemental (Volcano)
  7 wights
  15 killer bees
  6 howler monkeys
  3 electric eels (Lair:3)
  6 lava snakes (Volcano)
  4 jellies
  17 orc priests
  3 hounds
  A sleepcap (D:6)
  An iron imp (D:4)
  5 hell rats (Lair:3)
  An iguana (D:5)
  20 orc wizards
  8 gnolls
  8 adders
  A shadow imp (D:7)
  4 white imps
  6 ufetubi
  2 worms (D:2)
  57 orcs
  2 endoplasms
  5 giant cockroaches
  7 goblins
  7 hobgoblins
  3 quokkas
  4 ball pythons
  6 bats
  3 frilled lizards
  22 kobolds
  5 rats
607 creatures vanquished.

Vanquished Creatures (collateral kills)
  Jorgrun (Orc:2)
  A thrashing horror (Lair:5)
  An orc knight (Orc:2)
  An ugly thing (Lair:5)
  A faun (shapeshifter) (Lair:5)
  A cyclops (D:12)
  A cane toad (Lair:3)
  A tyrant leech (Lair:3)
  A wyvern (Lair:3)
  3 orc warriors (Orc:2)
  An ogre (Orc:2)
  A wight (D:9)
  3 orc priests
  4 orcs (Orc:2)
21 creatures vanquished.

Vanquished Creatures (others)
  A warg (Orc:2)
  An orc priest (D:11)
  3 orcs
5 creatures vanquished.

Grand Total: 633 creatures vanquished

Notes
Turn   | Place    | Note
-------+----------+-------------------------------------------
     0 | D:1      | grandjackal the Demonspawn Gladiator began the quest for
                  | the Orb.
     0 | D:1      | Reached XP level 1. HP: 16/16 MP: 1/1
   150 | D:1      | Found a faded altar of an unknown god.
   225 | D:1      | Gained mutation: Your movements are slightly less
                  | encumbered by armour. (ER -2) [demonic ancestry]
   225 | D:1      | Reached XP level 2. HP: 19/22 MP: 2/2
   807 | D:2      | Found Afophow's Armour Shoppe.
   861 | D:2      | Found Nicur's Weapon Shop.
   985 | D:2      | Gained mutation: You regenerate magic rapidly. [demonic
                  | ancestry]
   985 | D:2      | Reached XP level 3. HP: 26/28 MP: 3/3
  1652 | D:3      | Reached skill level 1 in Armour
  1911 | D:3      | Noticed Grinder
  1955 | D:3      | Killed Grinder
  1956 | D:3      | Gained mutation: Your touch may inflict minor irresistible
                  | damage on your foes. [demonic ancestry]
  1956 | D:3      | Reached XP level 4. HP: 28/37 MP: 4/4
  1956 | D:3      | Reached XP level 5. HP: 32/42 MP: 5/5
  2185 | D:4      | Gained mutation: Your movements are less encumbered by
                  | armour. (ER -4) [demonic ancestry]
  2185 | D:4      | Reached XP level 6. HP: 48/48 MP: 6/6
  2594 | D:4      | Found a snail-covered altar of Cheibriados.
  2673 | D:4      | Found a basalt altar of Yredelemnul.
  2822 | D:4      | Gained mutation: When hurt, damage is shared between your
                  | health and your magic reserves. [demonic ancestry]
  2822 | D:4      | Reached XP level 7. HP: 51/55 MP: 7/7
  3092 | D:4      | Reached skill level 5 in Fighting
  3092 | D:4      | Reached skill level 5 in Long Blades
  3190 | D:5      | Entered Level 5 of the Dungeon
  3505 | D:5      | Noticed Sigmund
  3537 | D:5      | Killed Sigmund
  3821 | D:5      | Gained mutation: When low on magic, you restore magic in
                  | place of health. [demonic ancestry]
  3821 | D:5      | Reached XP level 8. HP: 48/64 MP: 8/8
  4551 | D:6      | Noticed a two-headed ogre
  4977 | D:6      | Killed a two-headed ogre
  4978 | D:6      | Reached XP level 9. HP: 75/75 MP: 9/9
  5287 | D:7      | Noticed Jeremiah
  5395 | D:7      | Killed Jeremiah
  5552 | D:7      | Found a bloodstained altar of Trog.
  5719 | D:7      | Found an ancient bone altar of Kikubaaqudgha.
  5731 | D:7      | Paralysed by a hornet for 1 turns
  5734 | D:7      | Reached skill level 10 in Fighting
  5927 | D:7      | Gained mutation: A weak demonic guardian rushes to your
                  | aid. [demonic ancestry]
  5927 | D:7      | Reached XP level 10. HP: 72/85 MP: 10/10
  6214 | D:7      | Found a staircase to the Ecumenical Temple.
  6224 | Temple   | Entered the Ecumenical Temple
  6257 | Temple   | Became a worshipper of Makhleb the Destroyer
  6334 | D:8      | Identified the "Iqauplorhi"
  6365 | D:7      | Reached skill level 1 in Invocations
  6388 | D:8      | Found a shadowy altar of Dithmenos.
  6455 | D:8      | Noticed a two-headed ogre
  6572 | D:8      | Reached skill level 2 in Invocations
  6639 | D:8      | Reached skill level 3 in Invocations
  6648 | D:8      | Paralysed by a hornet for 2 turns
  6826 | D:8      | Killed a two-headed ogre
  6827 | D:8      | Reached skill level 10 in Long Blades
  6827 | D:8      | Reached skill level 4 in Invocations
  6985 | D:8      | Found a sacrificial altar of Ru.
  7022 | D:7      | Reached skill level 5 in Invocations
  7188 | D:8      | Found a staircase to the Lair.
  7200 | D:8      | Found a sparkling altar of Nemelex Xobeh.
  7310 | D:8      | Reached skill level 6 in Invocations
  7370 | D:8      | Reached * piety under Makhleb
  7519 | D:8      | Gained mutation: Your touch may inflict irresistible damage
                  | on your foes. [demonic ancestry]
  7519 | D:8      | Reached XP level 11. HP: 83/93 MP: 13/15
  7589 | D:7      | Reached skill level 7 in Invocations
  8270 | D:9      | Reached skill level 8 in Invocations
  8371 | D:9      | Found an opulent altar of Gozag.
  8469 | D:9      | Noticed Harold
  8478 | D:9      | Killed Harold
  8897 | D:9      | Reached ** piety under Makhleb
  8983 | D:9      | Noticed a two-headed ogre
  8999 | D:9      | Killed a two-headed ogre
  9347 | D:2      | Bought the +3 pair of seven-league boots {Rampage+∞} for
                  | 520 gold pieces
  9347 | D:2      | Found the +3 pair of seven-league boots {Rampage+∞}
  9618 | D:10     | Identified the "Ugaviar"
  9618 | D:10     | Entered Level 10 of the Dungeon
  9657 | D:10     | Reached skill level 9 in Invocations
  9691 | D:10     | Found a runed translucent door.
  9692 | D:10     | Found a shimmering altar of Xom.
  9692 | D:10     | Noticed R007833r's ghost (journeyman DsSh)
  9693 | D:10     | Noticed a +2 flail of chaos
  9759 | D:10     | Found a staircase to the Orcish Mines.
  9812 | D:10     | Found an iron altar of Okawaru.
  9865 | D:10     | Found a stormy altar of Qazlal.
  9874 | D:10     | Noticed Urug
  9893 | D:10     | Killed Urug
 10311 | D:10     | Noticed a two-headed ogre
 10316 | D:10     | Killed a two-headed ogre
 10330 | D:10     | Found a hazy altar of Hepliaklqana.
 10330 | D:10     | Found a shimmering blue altar of Sif Muna.
 10468 | D:10     | Reached skill level 10 in Invocations
 11097 | D:11     | Gained mutation: A demonic guardian rushes to your aid.
                  | [demonic ancestry]
 11097 | D:11     | Reached XP level 12. HP: 103/103 MP: 19/19
 11101 | D:11     | Found an iron altar of Okawaru.
 11212 | D:11     | Noticed a two-headed ogre
 11220 | D:11     | Killed a two-headed ogre
 11241 | D:11     | Noticed Psyche
 11313 | D:10     | Killed Psyche
 11400 | D:11     | Identified the +5 dagger "Wavvuoj" {venom, rN+++ rCorr
                  | Int-4 SInv}
 11674 | D:11     | Reached *** piety under Makhleb
 12240 | D:12     | Reached skill level 11 in Invocations
 12400 | D:12     | Noticed Nessos
 12400 | D:12     | Noticed a two-headed ogre
 12419 | D:12     | Killed a two-headed ogre
 12476 | D:12     | Identified the +7 triple sword of Distant Shores {heavy,
                  | rC- rCorr Str+5 SInv}
 12586 | D:12     | Nessos changed into Nessos the redback
 12586 | D:12     | Noticed Nessos
 12591 | D:12     | Killed Nessos the redback
 12815 | D:12     | Found a portal to a secret trove of treasure.
 13096 | D:12     | Found Gaatic Omikh's Jewellery Shop.
 13134 | D:13     | Noticed Frances
 13230 | Lair:1   | Entered Level 1 of the Lair of Beasts
 13281 | Lair:1   | Reached skill level 12 in Invocations
 13498 | Lair:1   | Reached **** piety under Makhleb
 13545 | Lair:1   | Gained mutation: Your movements are significantly less
                  | encumbered by armour. (ER -6) [demonic ancestry]
 13545 | Lair:1   | Reached XP level 13. HP: 104/113 MP: 22/22
 14359 | Lair:2   | Noticed Nergalle
 14374 | Lair:2   | Killed Nergalle
 14375 | Lair:2   | Reached skill level 13 in Invocations
 14587 | Lair:2   | Identified the +9 spear of the Flying Ancients {freeze, rC+
                  | Str+3}
 15368 | Lair:3   | Noticed Amaemon
 15374 | Lair:3   | Killed Amaemon
 15467 | Lair:3   | Identified the +4 chain mail "Uxzoel" {Will- Int+5 Dex+4}
 15555 | Lair:3   | Reached skill level 14 in Invocations
 15584 | Lair:3   | Found a staircase to the Snake Pit.
 15631 | Lair:3   | HP: 5/107 [wyvern (3)]
 15632 | Lair:3   | HP: 2/107 [hell rat (1)]
 15797 | Lair:3   | Reached ***** piety under Makhleb
 15902 | Lair:3   | Reached skill level 15 in Fighting
 16006 | Lair:3   | Found a bloodstained altar of Trog.
 16345 | Lair:3   | Found a staircase to the Swamp.
 16827 | Lair:3   | Reached XP level 14. HP: 81/123 MP: 25/25
 16968 | Lair:4   | Reached skill level 15 in Invocations
 17035 | Lair:4   | Noticed Snorg
 17083 | Lair:4   | Killed Snorg
 17226 | Lair:4   | Found a viscous altar of Jiyva.
 17226 | Lair:4   | Found a staircase to the Slime Pits.
 17777 | Lair:4   | Identified the +1 kite shield of Boredom {+Blink Dex+5}
 18142 | Lair:5   | Entered Level 5 of the Lair of Beasts
 18266 | Lair:5   | Found a dark tunnel.
 18276 | Volcano  | Entered a volcano
 18482 | Volcano  | Found a bloodstained altar of Trog.
 18804 | Volcano  | Noticed a stone giant
 18815 | Volcano  | Killed a stone giant
 18978 | Volcano  | Identified a scroll of acquirement
 18978 | Volcano  | Acquired the ring of Equl {rF+ rCorr Str+3 Int+6 SInv}
 19119 | Lair:4   | Reached skill level 16 in Invocations
 19356 | Lair:5   | Reached skill level 5 in Dodging
 19561 | Lair:5   | Reached ****** piety under Makhleb
 19660 | Lair:5   | Found a corrupted altar of Lugonu.
 19660 | Lair:5   | Found a one-way gate to the infinite horrors of the Abyss.
 19840 | Lair:5   | Found a transporter.
 19843 | Lair:5   | Noticed Doj's ghost (journeyman OpSh)
 19870 | Lair:5   | Found a transporter.
 20190 | Orc:1    | Entered Level 1 of the Orcish Mines
 20437 | Orc:2    | Entered Level 2 of the Orcish Mines
 20475 | Orc:2    | Noticed Jorgrun
 20480 | Orc:2    | Killed Jorgrun
 20503 | Orc:2    | Found a staircase to the Elven Halls.
 20529 | Orc:2    | Noticed Maurice
 20532 | Orc:2    | Maurice stole a sack of spiders (inert)
 20538 | Orc:2    | Killed Maurice
 20566 | Orc:2    | Found a runed translucent door.
 20587 | Orc:2    | Gained mutation: Your touch may irresistibly damage your
                  | foes and sap their willpower. [demonic ancestry]
 20587 | Orc:2    | Reached XP level 15. HP: 114/128 MP: 27/27
 20645 | Orc:1    | Reached skill level 17 in Invocations
 20818 | Orc:2    | Noticed Azrael
 20853 | Orc:1    | Killed Azrael
 21739 | Orc:1    | HP: 3/133 [orc knight/+0 great mace (5)]
 21740 | Orc:1    | HP: 1/133 [poisoned by an orange demon]
 21741 | Orc:1    | Succumbed to an orange demon's poison

Illustrated notes

Levels and vault maps discovered:
D:1:      amcnicky_arrival_double_pillar, layout_loops_cross,
          chequers_ecumenical_altar_simple, nrook_campfire, minmay_pentomino_t2
D:2:      layout_basic, serial_shops, shop, shop
D:3:      layout_basic, uniq_grinder
D:4:      layout_basic, yredelemnul_altar_generic, slow_altar_2,
          roderic_lattice_a
D:5:      layout_gridville, minmay_checkerbox, uniq_sigmund
D:6:      layout_loops_ring
D:7:      layout_rooms, mainiacjoe_overflow_alcove_4, kennysheep_mini,
          temple_hall, uniq_jeremiah
D:8:      minmay_clustersquares, layout_cave_pools,
          grunt_dithmenos_smoke_and_mirrors, amcnicky_altar_gilded,
          mainiacjoe_overflow_alcove_2, minmay_lair_entry_grove,
          minmay_manual_mail
D:9:      layout_small_grid, grunt_gozag_breadcrumbs, kennysheep_small_spiral,
          serial_park_tiny_pond, kennysheep_doodads, uniq_harold
D:10:     layout_layer_cave, nicolae_qazlal_general_emergency,
          amethyst_overflow_temple_binary, mainiacjoe_overflow_small_starburst,
          orc_0_dummy, ebering_ghost_xom, uniq_urug
D:11:     layout_irregular_city, okawaru_ov_weapons_minmay, uniq_psyche
D:12:     layout_cross, trove_entry_hex_spiral, serial_shops,
          nicolae_shop_gaudy_bauble, uniq_nessos
D:13:     layout_basic, serial_shops, shop, uniq_frances
Temple:   cyrus_temple_forest
Lair:1:   layout_regular_city
Lair:2:   layout_small_grid, uniq_nergalle
Lair:3:   layout_roguey [special_room_mythical_zoo], palyth_hydra_swamp_entry,
          guppyfry_snake_entry_garden, basic_altar, disabler_island,
          uniq_amaemon
Lair:4:   layout_cave_pods, minmay_slime_entry_pillars, uniq_snorg
Lair:5:   hellmonk_lair_end_abyssal_woods, layout_gridlike,
          gammafunk_ghost_abyssal_escape, lightli_volcano_entry_magma_tube
Orc:1:    layout_caves, basic_altar
Orc:2:    st_orc_pillars, layout_diamond_mine, ebering_ghost_reflecting_pool,
          uniq_maurice, uniq_azrael, uniq_jorgrun

Skill      XL: |  1  2  3  4  5  6  7  8  9 10 11 12 13 14 15 |
---------------+----------------------------------------------+-----
Throwing       | 2 |  2.0
Long Blades    | 3 4 6 8 9 10 11 13 14 | 14.3
Dodging        | 3 6 7 |  7.2
Armour         | 2 3 |  3.0
Fighting       | 3 4 6 8 10 11 12 14 15 16 | 16.9
Invocations    | 6 10 12 14 16 17 | 17.5

Action                     |  1- 3 |  4- 6 |  7- 9 | 10-12 | 13-15 || total
---------------------------+-------+-------+-------+-------+-------++-------
  Melee: Long sword        |   143 |    72 |   244 |   811 |   749 ||  2019
         Touch             |       |    12 |    53 |   188 |   330 ||   583
         Punch             |       |     1 |     2 |    12 |    19 ||    34
         Dagger            |       |       |    52 |    40 |     8 ||   100
         Unarmed           |       |       |       |     1 |       ||     1
         Short sword       |       |       |       |       |    15 ||    15
         Scimitar          |       |       |       |       |   570 ||   570
  Throw: Stone             |       |       |     6 |       |       ||     6
         Throwing net      |       |       |     2 |       |     4 ||     6
         Dart              |       |       |     4 |    18 |     3 ||    25
 Invoke: Minor Destruction |       |       |       |     3 |       ||     3
         Lesser Servant of |       |       |       |       |     2 ||     2
         Greater Servant o |       |       |       |       |     1 ||     1
  Evoke: Wand              |       |       |       |     1 |    19 ||    20
         Sack of spiders   |       |       |       |       |     1 ||     1
         Phantom mirror    |       |       |       |       |     1 ||     1
    Use: Potion            |     1 |       |       |     1 |     7 ||     9
         Scroll            |       |       |     6 |    13 |    16 ||    35
   Stab: Sleeping          |       |     1 |     1 |     2 |     1 ||     5
         Held in net/web   |       |       |       |       |     4 ||     4
 Armour: Leather armour    |    29 |       |       |       |       ||    29
         Ring mail         |    31 |    46 |   212 |   667 |   787 ||  1743
         Skin              |    24 |       |       |     6 |       ||    30
         Chain mail        |       |       |       |       |   177 ||   177
  Dodge: Dodged            |   105 |    79 |   193 |   598 |   699 ||  1674

Table legend: (Time is in decaauts)
 A = Elapsed time spent in this place.
 B = Non-inter-level travel time spent in this place.
 C = Inter-level travel time spent in this place.
 D = Time resting spent in this place.
 E = Time spent auto-exploring this place.
 F = Levels seen in this place.
 G = Mean time per level.
                   A        B        C        D        E       F      G
               +--------+--------+--------+--------+--------+-----+--------+
         Total |  21266 |  19691 |   1575 |   2828 |  11205 |  22 |  966.6 |
       Dungeon |  13257 |  11969 |   1288 |   1554 |   7264 |  13 | 1019.8 |
        Temple |     63 |     33 |     30 |      0 |      0 |   1 |   63.0 |
          Lair |   5845 |   5614 |    231 |    742 |   3336 |   5 | 1169.0 |
  Orcish Mines |   1390 |   1364 |     26 |    338 |    450 |   2 |  695.0 |
       Volcano |    708 |    708 |      0 |    194 |    155 |   1 |  708.0 |
               +--------+--------+--------+--------+--------+-----+--------+

Top non-repeatable levels by time:
  Lair:3: 1627 daAuts
    D:10: 1582 daAuts
     D:8: 1519 daAuts
     D:7: 1479 daAuts
  Lair:4: 1207 daAuts
     D:5: 1181 daAuts
  Lair:1: 1087 daAuts
    D:11: 1084 daAuts
     D:3: 1074 daAuts
     D:9: 1055 daAuts
     D:4: 1051 daAuts
  Lair:5: 1020 daAuts
     D:6: 966 daAuts
  Lair:2: 903 daAuts
    D:12: 899 daAuts
